 Dungeon Sprint DCSS version 0.27-a0-1301-g128193abf8 (webtiles) character file.

Game seed: 17390151753539542457

354 mhtbhm the Geomancer (level 6, -3/32 HPs)
             Began as a Deep Elf Earth Elementalist on June 17, 2021.
             Was an Initiate of Vehumet.
             Slain by an unseen horror (5 damage)
             ... in the Dungeon (Sprint IX: "|||||||||||||||||||||||||||||").
             The game lasted 00:01:26 (312 turns).

mhtbhm the Geomancer (Deep Elf Earth Elementalist)   Turns: 312, Time: 00:01:26

Health: -3/32      AC:  4    Str:  5    XL:     6   Next: 35%
Magic:  19/21      EV: 14    Int: 22    God:    Vehumet [......]
Gold:   0          SH:  0    Dex: 15    Spells: 24/25 levels left

rFire    . . .     SeeInvis .   a - +4 quarterstaff (speed)
rCold    . . .     Faith    .   (shield currently unavailable)
rNeg     . . .     Spirit   .   b - +0 robe
rPois    .         Reflect  .   l - +0 helmet
rElec    .         Harm     .   (no cloak)
rCorr    .         Rampage  .   (no gloves)
Will     .....     NoTele   +   k - +0 pair of boots
Stlth    +++.......             (no amulet)
HPRegen  0.10/turn              (no ring)
MPRegen  0.17/turn              (no ring)

@: no status effects
A: no striking features
a: Renounce Religion


You were in the Dungeon.
You worshipped Vehumet.
Vehumet was noncommittal.
You visited 1 branch

Inventory:

Hand Weapons
 a - a +4 quarterstaff of speed (weapon)
Missiles
 i - 13 stones
Armour
 b - a +0 robe (worn)
 k - a +0 pair of boots (worn)
 l - a +0 helmet (worn)
Jewellery
 m - a +3 ring of dexterity
 n - a +2 ring of evasion
Wands
 j - a wand of acid (10)
Scrolls
 e - 2 scrolls of amnesia
 h - 2 scrolls of blinking
Potions
 c - 5 potions of curing
 d - 2 potions of heal wounds
 f - 3 potions of magic
 g - a potion of berserk rage
 o - a potion of invisibility


   Skills:
 + Level 0.6 Staves
 + Level 4.8 Dodging
 + Level 5.6 Stealth
 + Level 10.2 Spellcasting
 + Level 1.7 Transmutations
 + Level 11.1 Earth Magic


You had 24 spell levels left.
You knew the following spells:

 Your Spells              Type           Power      Damage    Failure   Level
a - Sandblast             Erth           100%       2d20      1%          1

Your spell library contained the following spells:

 Spells                   Type           Power      Damage    Failure   Level
 Passwall                 Tmut/Erth      32%        N/A       1%          2
 Stone Arrow              Conj/Erth      70%        3d11      1%          3
 Lee's Rapid Deconstruct  Erth           28%        3d16*     1%          5
 Petrify                  Tmut/Erth      39%        N/A       4%          4


Dungeon Overview and Level Annotations

Branches:
Dungeon (1/1)

Altars:
Cheibriados
Dithmenos
Elyvilon
Fedhas
Gozag
Hepliaklqana
Kikubaaqudgha
Makhleb
Nemelex Xobeh
Okawaru
Qazlal
Ru
Sif Muna
Trog
Uskayaw
Vehumet
Wu Jian
Xom
Yredelemnul
Zin
The Shining One
Beogh
Jiyva
Lugonu


Message History

o - a potion of invisibility You see here a +1 chain mail.
You open the door.
A hornet, a troll, a wight and 2 zombies come into view.
There is an open door to the Dungeon here.
The helpless wight fails to defend itself.
You hit the wight but do no damage.
The wight hits you with a +4 short sword.
You hit the wight but do no damage. The wight closely misses you.
You barely miss the wight.
The hornet buzzes angrily.
The troll shouts!
The wight hits you with a +4 short sword!
You feel drained.
You hit the wight.
The wight is lightly damaged.
The wight barely misses you.
You sock the wight!
The wight is heavily damaged.
You hit the wight.
The wight is almost destroyed.
The wight misses you.
You hit the wight.
You destroy the wight!
Vehumet accepts your kill. Something hits you.
Deactivating autopickup; reactivate with Ctrl-A.
Your life force feels restored.
Your Spellcasting skill increases to level 10!
Your Earth Magic skill increases to level 11!
Unknown command.
Something hits you. Something hits you!
* * * LOW HITPOINT WARNING * * *
Unknown command.
Casting: Sandblast (safe; 1% risk of failure)
Confirm with . or Enter, or press ? or * to list all spells.
Aiming: Sandblast (safe; 1% risk of failure)
Press: ? - help, Shift-Dir - straight line, f - troll
Aim: a troll (84% to hit)
The blast of sand hits something!
Something hits you.
You die...

▓+▓
▓.▓
▓Z▓
▓y▓
▓Z▓
▓T▓
▓)▓
▓'▓
▓@▓
▓.▓
▓[▓
▓.▓
▓.▓
▓.▓
▓)▓
▓.▓
▓.▓


You could see a troll, a hornet, a ball python zombie and a giant cockroach
zombie.

Vanquished Creatures
  A black bear (D)
  An ogre (D)
  A centaur (D)
  A scorpion (D)
  A wight (D)
  An ufetubus (D)
  2 endoplasms (D)
  2 goblins (D)
  A bat (D)
11 creatures vanquished.

Notes
Turn   | Place    | Note
-------+----------+-------------------------------------------
     0 | D        | mhtbhm the Deep Elf Earth Elementalist began the quest for
                  | the Orb.
     0 | D        | Reached XP level 1. HP: 10/10 MP: 6/6
     6 | D        | Reached skill level 4 in Earth Magic
   169 | D        | Noticed a black bear
   169 | D        | Noticed a centaur
   169 | D        | Noticed an ogre
   169 | D        | Noticed a scorpion
   171 | D        | Reached skill level 5 in Earth Magic
   171 | D        | Reached XP level 2. HP: 15/15 MP: 6/8
   174 | D        | Killed a scorpion
   175 | D        | Reached skill level 5 in Spellcasting
   175 | D        | Reached skill level 7 in Earth Magic
   175 | D        | Reached XP level 3. HP: 16/19 MP: 2/12
   175 | D        | Reached XP level 4. HP: 21/24 MP: 2/13
   186 | D        | Killed an ogre
   187 | D        | Reached skill level 9 in Earth Magic
   187 | D        | Reached XP level 5. HP: 18/28 MP: 13/17
   187 | D        | Killed a centaur
   188 | D        | Reached skill level 5 in Stealth
   188 | D        | Reached skill level 10 in Earth Magic
   190 | D        | Killed a black bear
   191 | D        | Reached XP level 6. HP: 21/32 MP: 9/20
   203 | D        | Found a snail-covered altar of Cheibriados.
   203 | D        | Found a shadowy altar of Dithmenos.
   203 | D        | Found a white marble altar of Elyvilon.
   203 | D        | Found a blossoming altar of Fedhas.
   203 | D        | Found an opulent altar of Gozag.
   204 | D        | Found a hazy altar of Hepliaklqana.
   205 | D        | Found a viscous altar of Jiyva.
   206 | D        | Found an ancient bone altar of Kikubaaqudgha.
   207 | D        | Found a corrupted altar of Lugonu.
   208 | D        | Found a burning altar of Makhleb.
   209 | D        | Found a sparkling altar of Nemelex Xobeh.
   210 | D        | Found an iron altar of Okawaru.
   211 | D        | Found a stormy altar of Qazlal.
   212 | D        | Found a sacrificial altar of Ru.
   213 | D        | Found a shimmering blue altar of Sif Muna.
   214 | D        | Found a bloodstained altar of Trog.
   215 | D        | Found a hide-covered altar of Uskayaw.
   216 | D        | Found a radiant altar of Vehumet.
   217 | D        | Found an ornate altar of the Wu Jian Council.
   218 | D        | Found a shimmering altar of Xom.
   219 | D        | Found a basalt altar of Yredelemnul.
   220 | D        | Found a glowing silver altar of Zin.
   221 | D        | Found a glowing golden altar of the Shining One.
   224 | D        | Became a worshipper of Vehumet
   302 | D        | Noticed a hornet
   302 | D        | Noticed a troll
   311 | D        | Reached skill level 10 in Spellcasting
   311 | D        | Reached skill level 11 in Earth Magic
   312 | D        | Slain by an unseen horror

Illustrated notes

Levels and vault maps discovered:
D:        linesprint [early_d, line_temple, items_1, d_10, items_2, lair_1,
          lair_end, items_3, orc_1, orc_end, items_4, d_15, swamp_1, shoals_1,
          snake_1, spider_1, d_20, vaults_1, items_5, swamp_end, shoals_end,
          snake_end, spider_end, vaults_end, d_27, items_6, zot_1, zot_end,
          crypt_end, forest_end, elf_end, slime_end, tomb_end, abyss_end,
          pan_hell_end]

Skill      XL: |  1  2  3  4  5  6 |
---------------+-------------------+-----
Earth Magic    | 5 7 9 10 11 | 11.1
Dodging        | 3 4 |  4.8
Stealth        | 3 4 5 |  5.6
Spellcasting   | 5 7 9 10 | 10.2
Staves         | |  0.6
Transmutations | |  1.7

Action                   |  1- 3 |  4- 6 || total
-------------------------+-------+-------++-------
Melee: Quarterstaff      |       |     7 ||     7
 Cast: Sandblast         |    10 |     7 ||    17
  Use: Potion            |       |     3 ||     3
 Stab: Sleeping          |       |     1 ||     1
Dodge: Dodged            |     4 |     4 ||     8

Table legend: (Time is in decaauts)
 A = Elapsed time spent in this place.
 B = Non-inter-level travel time spent in this place.
 C = Inter-level travel time spent in this place.
 D = Time resting spent in this place.
 E = Time spent auto-exploring this place.
 F = Levels seen in this place.
 G = Mean time per level.
                   A        B        C        D        E       F      G
               +--------+--------+--------+--------+--------+-----+--------+
         Total |    292 |    292 |      0 |    178 |      3 |   1 |  292.0 |
       Dungeon |    292 |    292 |      0 |    178 |      3 |   1 |  292.0 |
               +--------+--------+--------+--------+--------+-----+--------+

Top non-repeatable levels by time:
       D: 292 daAuts
